 Dungeon Crawl Stone Soup version 0.29.1-15-g9cfb28693d (webtiles) character file.

Game seed: 2619859903996772025

86 hawla the Firebug (level 5, -4/38 HPs)
             Began as a Meteoran Fire Elementalist on Mar 16, 2023.
             Slain by Eustachio
             ... wielding a +1 rapier of speed
              (9 damage)
             ... on level 4 of the Dungeon.
             The game lasted 00:02:44 (314 turns).

hawla the Firebug (Meteoran Fire Elementalist)       Turns: 314, Time: 00:02:44

Health: -4/38      AC:  2    Str:  9      XL:     5   Next: 7%
Magic:  1/11       EV: 12    Int: 18      God:
Gold:   61         SH:  0    Dex: 13 (15) Spells: 4/11 levels left

rFire   . . .      SeeInvis .   (no weapon)
rCold   . . .      Faith    .   (no shield)
rNeg    + . .      Spirit   .   a - +0 robe
rPois   .          Reflect  .   (no helmet)
rElec   .          Harm     .   (no cloak)
rCorr   .          Rampage  .   (no gloves)
Will    .....                   (no boots)
Stlth   +.........              (no amulet)
HPRegen 0.12/turn               e - ring of positive energy
MPRegen 0.12/turn               (no ring)

@: glowing
A: sense surroundings 1, otherworldly, glowing, explore regen
a: no special abilities


You were on level 4 of the Dungeon.
You visited 1 branch of the dungeon, and saw 4 of its levels.

You collected 61 gold pieces.

Inventory:

Armour
 a - a +0 robe (worn)
Jewellery
 e - a ring of positive energy (left hand)
Wands
 d - a wand of flame (13) (quivered)
 g - a wand of roots (4)
Scrolls
 f - a scroll of teleportation


   Skills:
 - Level 2.7 Dodging
 - Level 1.4 Stealth
 - Level 3.5 Spellcasting
 + Level 3.1 Conjurations
 - Level 4.7 Fire Magic


You had 4 spell levels left.
You knew the following spells:

 Your Spells              Type           Power      Damage    Failure   Level
a - Foxfire               Conj/Fire      68%        2x1d7     3%          1
b - Scorch                Fire           40%        2d7       3%          2
c - Flame Wave            Conj/Fire      17%        2d7       30%         4

Your spell library contained the following spells:

 Spells                   Type           Power      Damage    Failure   Level
 Conjure Flame            Conj/Fire      17%        6-21      10%         3
 Inner Flame              Hex/Fire       11%        N/A       19%         3


Dungeon Overview and Level Annotations

Branches:
Dungeon (4/15) Zot: 2086
 Temple: D:4-7

Altars:

Annotations:
D:4 Eustachio


Innate Abilities, Weirdness & Mutations

You passively map a small area around you.
You are easily found by Zot.
You glow in the dark.
You regain HP and MP as you explore.


Message History

Casting: Foxfire (safe; 3% risk of failure)
Confirm with . or Enter, or press ? or * to list all spells.
You don't know that spell.
Your resistance to elements expires.
You feel your willpower return.
The iron imp disappears in a puff of smoke!
The foxfire hits the quasit but does no damage.
The foxfire hits the quasit.
The quasit resists.
The quasit is lightly wounded.
The iron imp barely misses you. The quasit bites you.
You feel clumsy. The quasit claws you. The quasit completely misses you.
The white imp hits you. The white imp freezes you.
Casting: Foxfire (safe; 3% risk of failure)
Confirm with . or Enter, or press ? or * to list all spells.
You conjure some foxfire!
Eustachio is no longer more vulnerable to fire.
The quasit bites you.
You feel clumsy.
The quasit claws you but does no damage.
The quasit barely misses you.
Eustachio hits you with a +1 rapier of speed!
The iron imp hits you. The white imp gestures at you.
The puff of frost hits you.
* * * LOW HITPOINT WARNING * * *
Casting: Foxfire (safe; 3% risk of failure)
Confirm with . or Enter, or press ? or * to list all spells.
Flames lash the quasit.
The quasit resists.
The quasit is moderately wounded.
The quasit's fire resistance burns away.
The foxfire hits the quasit.
The quasit is heavily wounded.
The foxfire hits the quasit.
The quasit is severely wounded.
The quasit bites you.
* * * LOW HITPOINT WARNING * * *
The quasit completely misses you. The quasit claws you.
* * * LOW HITPOINT WARNING * * *
Eustachio hits you with a +1 rapier of speed!
You die...

, , * , , * #..# #
,*, , # ##..#..# ..
......## , ,
...###..#... ,
......#..## , , ,
........# *
######.5#..#*
......@@...######,*
......55.".......
....##..#).#########
##. #.............#
#..#†.#####.### ,
........#####.#
###..#..##<...# *
#..#..#######
#..#..#


You could see Eustachio, an iron imp (summoned), a quasit (summoned,
combustible) and a white imp (summoned).

Vanquished Creatures
  Ijyb (D:3)
  Jessica (D:2)
  An adder (D:2)
  3 endoplasms
  4 goblins
  2 hobgoblins
  6 kobolds
  A ball python (D:2)
  3 bats
  A frilled lizard (D:2)
23 creatures vanquished.

Vanquished Creatures (others)
  60 foxfires
60 creatures vanquished.

Grand Total: 83 creatures vanquished

Notes
Turn   | Place    | Note
-------+----------+-------------------------------------------
     0 | D:1      | hawla the Meteoran Fire Elementalist began the quest for
                  | the Orb.
     0 | D:1      | Reached XP level 1. HP: 14/14 MP: 5/5
    13 | D:1      | Found a faded altar of an unknown god.
    49 | D:2      | Reached XP level 2. HP: 20/20 MP: 1/7
   102 | D:2      | Reached skill level 4 in Fire Magic
   147 | D:2      | Reached XP level 3. HP: 26/26 MP: 6/8
   150 | D:2      | Learned a level 2 spell: Scorch
   158 | D:2      | Noticed Jessica
   161 | D:2      | Killed Jessica
   162 | D:2      | Reached XP level 4. HP: 20/33 MP: 4/10
   167 | D:2      | Learned a level 4 spell: Flame Wave
   242 | D:3      | Noticed Ijyb
   250 | D:3      | Killed Ijyb
   251 | D:3      | Reached XP level 5. HP: 4/38 MP: 1/11
   293 | D:4      | Noticed Eustachio
   314 | D:4      | Slain by Eustachio

Illustrated notes

Levels and vault maps discovered:
D:1:      dpeg_arrival_water_altar, layout_loops_cross,
          chequers_ecumenical_altar_simple, minmay_misc_feat_rugged
D:2:      layout_basic, serial_shops, nicolae_shop_bloodbath_and_beyond,
          minmay_tromino_i2, uniq_jessica
D:3:      layout_rooms, nicolae_shop_unique_rings, uniq_ijyb
D:4:      layout_basic, gammafunk_ghost_arena, nicolae_alphabet_shops,
          feat_on_display, uniq_eustachio, uniq_pikel

Skill      XL: |  1  2  3  4 |
---------------+-------------+-----
Spellcasting   | 3 |  3.5
Fire Magic     | 4 |  4.7
Conjurations   | 3 |  3.1
Dodging        | |  2.7
Stealth        | |  1.4

Action                   |  1- 3 |  4- 6 || total
-------------------------+-------+-------++-------
Melee: Unarmed           |     2 |     1 ||     3
 Cast: Foxfire           |    15 |    23 ||    38
       Scorch            |     1 |    11 ||    12
  Use: Potion            |       |     2 ||     2
       Scroll            |       |     2 ||     2
Armor: Robe              |     4 |     1 ||     5
Dodge: Dodged            |     3 |     7 ||    10
